 Dungeon Crawl Stone Soup version 0.28.0-43-g3370ac3207 (webtiles) character file.

Game seed: 12123239764288114176

1397 croobank the Covert (level 8, -7/35 HPs)
             Began as a Felid Delver on Mar 7, 2022.
             Was a Follower of Hepliaklqana.
             Mangled by an eight-headed hydra (9 damage)
             ... on level 1 of the Lair of Beasts.
             The game lasted 00:36:53 (8433 turns).

croobank the Covert (Felid Delver)                  Turns: 8433, Time: 00:36:54

Health: -7/35      AC:  2    Str: 10    XL:     8   Next: 41%
Magic:  15/15      EV: 22    Int: 13    God:    Hepliaklqana [*.....]
Gold:   317        SH:  0    Dex: 18    Spells: 8/15 levels left
                                        Lives:  0   Deaths: 2

rFire   . . .      SeeInvis +     - Unarmed
rCold   . . .      Faith    .   (shield unavailable)
rNeg    . . .      Spirit   .   (armour unavailable)
rPois   .          Reflect  .   (helmet unavailable)
rElec   .          Harm     .   (cloak unavailable)
rCorr   .          Rampage  .   (gloves unavailable)
Will    +....                   (boots unavailable)
Stlth   +++++.....              o - amulet of regeneration
HPRegen 0.91/turn               (no ring)
MPRegen 0.14/turn               (no ring)

@: quick
A: reduced essence, very small, claws 1, fangs 3, see invisible, speed 1, shaggy
fur 2, stealthy paws, no weapons or thrown items, no armour, multi-lived
a: Renounce Religion, Recall Ancestor, Ancestor Identity


You were on level 1 of the Lair of Beasts.
You worshipped Hepliaklqana.
Hepliaklqana was aware of your devotion.
You visited 3 branches of the dungeon, and saw 11 of its levels.

You collected 317 gold pieces.

Inventory:

Missiles
 l - 152 stones
Jewellery
 o - an amulet of regeneration (around neck)
Wands
 b - a wand of polymorph (9)
 e - a wand of digging (4)
 k - a wand of charming (13)
 n - a wand of acid (4)
 p - a wand of iceblast (4)
 y - a wand of paralysis (8)
Scrolls
 a - 4 scrolls of fog
 i - a scroll of silence
 q - a scroll of vulnerability
 s - a scroll of magic mapping
Potions
 c - a potion of haste
 d - a potion of flight
 g - a potion of cancellation
 j - a potion of ambrosia {unknown}
 t - a potion of might {unknown}
 u - a potion of berserk rage {unknown}
 x - 2 potions of mutation {unknown}
 z - a potion of invisibility {unknown}


   Skills:
 - Level 6.6 Fighting
 - Level 8.2 Dodging
 - Level 10.8 Stealth
 - Level 6.1 Unarmed Combat
 + Level 4.3 Spellcasting
 + Level 4.3 Conjurations
 + Level 7.0 Hexes


You had 8 spell levels left.
You knew the following spells:

 Your Spells              Type           Power      Damage    Failure   Level
a - Dazzling Flash        Conj/Hex       34%        N/A       6%          3
b - Cause Fear            Hex            10%        N/A       11%         4

Your spell library contained the following spells:

 Spells                   Type           Power      Damage    Failure   Level
 Iskenderun's Mystic Bla  Conj/Tloc      8%         2d4       63%         4
 Silence                  Hex/Air        5%         N/A       78%         5
 Irradiate                Conj/Tmut      4%         3d15      92%         5
 Agony                    Necr           2%         N/A       99%         5
 Blade Hands              Tmut           1%         N/A       99%         5
 Starburst                Conj/Fire      4%         6d3       100%        6
 Dragon Form              Tmut           1%         N/A       100%        7
 Dragon's Call            Summ           1%         N/A       100%        9


Dungeon Overview and Level Annotations

Branches:
Dungeon (8/15)             Temple (1/1) D:6            Lair (2/6) D:8
  Swamp: Lair:2-4    Shoals: Lair:2-4     Snake: Lair:2-4    Spider: Lair:2-4

Altars:
Ashenzari
Cheibriados
Dithmenos
Elyvilon
Fedhas
Hepliaklqana
Kikubaaqudgha
Makhleb
Nemelex Xobeh
Okawaru
Qazlal
Ru
Sif Muna
Trog
Uskayaw
Vehumet
Wu Jian
Xom
Yredelemnul

Shops:
D:5 [

Annotations:
Lair:1 1 runed translucent door, nickcage's ghost, novice MiFi


Innate Abilities, Weirdness & Mutations

Your life essence is reduced to manifest your ancestor. (-10% HP)
You have sharp claws.
You have razor-sharp teeth.
You have supernaturally acute eyesight. (SInv)
You cover ground quickly. (Speed+)
You are covered in thick fur. (AC +2)
Your paws help you pounce on unaware monsters.
You are incapable of wielding weapons or throwing items.
You cannot wear armour.
You gain extra lives every three experience levels.


Message History

Attack: -) Teeth and claws
Press: ? - help, Dir - move target, f - black mamba
Aim: a black mamba (about 45% to evade your paws)
Okay, then.
Aiming: Charm
Press: ? - help, Shift-Dir - straight line The black mamba resists with some effort.
The black mamba closely misses you.
Sofian has departed this plane of existence.
Aiming: Charm
Press: ? - help, Shift-Dir - straight line The black mamba resists with some effort.
The black mamba completely misses you. The black mamba misses you.
Aiming: Charm
Press: ? - help, Shift-Dir - straight line The black mamba is charmed.
Aiming: Iceblast
Press: ? - help, Shift-Dir - straight line, f - eight-headed hydra
Aim: an eight-headed hydra The mass of ice explodes!
The iceblast engulfs the eight-headed hydra!
The eight-headed hydra is moderately wounded.
Your black mamba closely misses the eight-headed hydra.
Okay, then.
Aiming: Paralyse
Press: ? - help, Shift-Dir - straight line, f/p - eight-headed hydra
Aim: an eight-headed hydra (lightly wounded, ally target, chance to affect: 17%)
Okay, then.
Aiming: Corrosive Bolt
Press: ? - help, Shift-Dir - straight line, f/p - eight-headed hydra
Aim: an eight-headed hydra (lightly wounded, ally target, 90% to hit)
The bolt of acid misses the eight-headed hydra.
Your black mamba bites the eight-headed hydra!
Your black mamba bites the eight-headed hydra.
The eight-headed hydra bites you!
The eight-headed hydra barely misses you.
The eight-headed hydra bites you!
* * * LOW HITPOINT WARNING * * *
The eight-headed hydra bites you!
You die...

#......#......#.### ...
#......#+..##.#.#P#. ...... #.
#...........................#.
#...........................#.
#....###P.#...#.(...#+.#.#.##.
.#...............#.......#.
...........#....#.......##
#......SD..#....#.....(†.. .# #
#........@......#.........
...#..#................###.#.#+P
......#.....................†S..
......###.##.####...............
..#.....D......................
.#...............##.#.##.##....
.................#.........P....
.........>.......#..............
..................+.#####.##....


You could see an eight-headed hydra (ally target) and a friendly black mamba
(charmed).

Vanquished Creatures
  2 cane toads (Lair:1)
  A komodo dragon (Lair:1)
  A blink frog (Lair:1)
  Sigmund (D:2)
  Eustachio (D:5)
  A steam dragon (D:6)
  Menkaure (D:6)
  5 water moccasins
  A sky beast (D:6)
  A hornet zombie (D:7)
  An ice beast (D:6)
  A black bear (D:5)
  A necrophage (D:4)
  2 centaurs
  A phantom (D:5)
  3 bullfrogs
  A gnoll sergeant (D:7)
  A scorpion (D:4)
  4 killer bees (D:8)
  A water moccasin skeleton (D:6)
  3 howler monkeys
  A wight (D:4)
  A centaur zombie (D:6)
  2 jellies (D:5)
  3 hounds
  Crazy Yiuf (D:6)
  2 orc priests
  Jessica (D:3)
  An iguana (D:4)
  2 orc wizards
  Robin (D:2)
  2 howler monkey zombies (D:6)
  3 gnolls (D:7)
  A howler monkey skeleton (D:4)
  6 adders
  A white imp (D:4)
  An adder skeleton (D:4)
  2 worms
  4 dart slugs
  29 orcs
  7 ball pythons
  7 bats
  13 endoplasms
  5 giant cockroaches
  16 goblins
  9 hobgoblins
  A jackal (D:5)
  8 kobolds
  4 quokkas
  4 frilled lizards
  4 rats
176 creatures vanquished.

Vanquished Creatures (collateral kills)
  A water moccasin (D:8)
  A bullfrog (Lair:1)
  Ijyb (D:5)
3 creatures vanquished.

Vanquished Creatures (others)
  5 ancestors
  21 fungi
  21 plants
47 creatures vanquished.

Grand Total: 226 creatures vanquished

Notes
Turn   | Place    | Note
-------+----------+-------------------------------------------
     0 | D:5      | croobank the Felid Delver began the quest for the Orb.
     0 | D:5      | Reached XP level 1. HP: 10/10 MP: 2/2
     2 | D:5      | Noticed Eustachio
    27 | D:5      | Found Yfodgh's Antique Armour Shoppe.
    37 | D:5      | Noticed Ijyb
    63 | D:5      | Noticed an orc priest
    63 | D:5      | Noticed an orc wizard
   287 | D:2      | Noticed Sigmund
   372 | D:1      | Reached XP level 2. HP: 14/14 MP: 3/3
   968 | D:1      | Reached XP level 3. HP: 17/17 MP: 4/4
  1039 | D:1      | Reached skill level 7 in Stealth
  1869 | D:3      | Reached XP level 4. HP: 21/21 MP: 5/5
  2110 | D:3      | Noticed Jessica
  2114 | D:3      | Killed Jessica
  2511 | D:4      | Noticed a necrophage
  2871 | D:4      | Reached XP level 5. HP: 21/25 MP: 6/6
  3082 | D:2      | Found a faded altar of an unknown god.
  3082 | D:2      | Noticed a great orb of eyes
  3086 | D:2      | Noticed a floating eye
  3091 | D:2      | Noticed a shining eye
  3091 | D:2      | Noticed a golden eye
  3197 | D:2      | Noticed Robin
  3594 | D:2      | Killed Sigmund
  3595 | D:2      | Reached skill level 8 in Stealth
  3595 | D:2      | Gained mutation: You are covered in thick fur. (AC +2)
                  | [Felid growth]
  3595 | D:2      | Reached XP level 6. HP: 24/29 MP: 7/7
  3795 | D:2      | Reached skill level 5 in Dodging
  3804 | D:2      | Killed Robin
  4643 | D:4      | Reached XP level 7. HP: 33/33 MP: 8/8
  5131 | D:4      | Reached skill level 5 in Fighting
  5280 | D:5      | Reached skill level 9 in Stealth
  5425 | D:5      | Identified the +7 short sword of Dishonour {vorpal, Fly
                  | Will++ Int-5 SInv}
  5545 | D:5      | Reached skill level 5 in Unarmed Combat
  5545 | D:5      | Reached XP level 8. HP: 14/37 MP: 9/9
  5723 | D:5      | Killed Eustachio
  5772 | D:5      | Killed Ijyb
  6180 | D:6      | Noticed Menkaure
  6205 | D:6      | Killed Menkaure
  6206 | D:6      | Reached skill level 10 in Stealth
  6370 | D:6      | Identified the +6 scale mail "Bewnigh" {-Cast rN+ Slay+5}
  6445 | D:6      | Found a staircase to the Ecumenical Temple.
  6456 | Temple   | Entered the Ecumenical Temple
  6702 | Temple   | Became a worshipper of Hepliaklqana the Forgotten
  6758 | D:6      | Found a runed translucent door.
  6759 | D:6      | Noticed Crazy Yiuf
  6766 | D:6      | Killed Crazy Yiuf
  6919 | D:6      | Found a hide-covered altar of Uskayaw.
  6953 | D:6      | Found a shimmering altar of Xom.
  7354 | D:7      | Reached XP level 9. HP: 42/42 MP: 10/10
  7358 | D:7      | Learned a level 3 spell: Dazzling Flash
  7422 | D:7      | Reached * piety under Hepliaklqana
  7603 | D:7      | Reached skill level 1 in Hexes
  7818 | D:8      | Reached skill level 1 in Spellcasting
  7818 | D:8      | Reached skill level 1 in Conjurations
  7906 | D:8      | Found a staircase to the Lair.
  7915 | Lair:1   | Entered Level 1 of the Lair of Beasts
  7925 | Lair:1   | Found a runed translucent door.
  7942 | Lair:1   | Noticed nickcage's ghost (novice MiFi)
  8045 | Lair:1   | Noticed an eight-headed hydra
  8057 | Lair:1   | Reached skill level 5 in Hexes
  8080 | Lair:1   | Noticed a black mamba
  8080 | Lair:1   | Noticed a cane toad
  8082 | Lair:1   | Noticed a cane toad
  8096 | Lair:2   | Noticed a komodo dragon
  8097 | Lair:2   | Noticed a cane toad
  8102 | Lair:2   | Noticed a cane toad
  8118 | Lair:1   | Noticed a cane toad
  8138 | Lair:1   | Mangled by a black mamba
  8139 | Lair:1   | Reached XP level 8. HP: -8/35 MP: 13/13
  8163 | Lair:1   | Killed a cane toad
  8168 | Lair:1   | Noticed a komodo dragon
  8189 | Lair:1   | Killed a komodo dragon
  8190 | Lair:1   | Reached XP level 9. HP: 10/37 MP: 15/15
  8225 | Lair:1   | Learned a level 4 spell: Cause Fear
  8335 | Lair:1   | Noticed a cane toad
  8368 | Lair:1   | Killed a cane toad
  8426 | Lair:1   | Slain by a blink frog
  8427 | Lair:1   | Reached XP level 8. HP: -4/35 MP: 15/15
  8433 | Lair:1   | Mangled by an eight-headed hydra

Illustrated notes

Levels and vault maps discovered:
D:1:      minmay_arrival_split_and_join, layout_basic, minmay_misc_feat_tower
D:2:      layout_basic, hellmonk_ecumenical_altar_watching_god, uniq_robin,
          uniq_sigmund
D:3:      layout_loops_cross, minmay_misc_feat_pillars, uniq_jessica
D:4:      layout_basic, moated_statue, minmay_puff
D:5:      minmay_skewed_foursquare, layout_loops_cross, serial_glass,
          glass_columns_a, glass_columns_a, glass_columns_b, glass_columns_c,
          glass_columns_b, glass_columns_a, serial_shops, shop, uniq_ijyb,
          uniq_eustachio
D:6:      layout_loops_ring, mainiacjoe_overflow_two_lobes, temple_statues,
          uniq_menkaure, uniq_crazy_yiuf_cottage
D:7:      minmay_klotski, layout_cave_pools, kennysheep_generic_room_5
D:8:      layout_loops_cross, due_lair_maze_entry_diamond
Temple:   mainiacjoe_temple_cubbyholes
Lair:1:   layout_chaotic_city, ebering_ghost_reflecting_pool
Lair:2:   layout_hall_layers, shoals_dummy_entry,
          portal_ice_cave_entry_pillars_1, basic_altar,
          infiniplex_staircase_pool

Skill      XL: |  1  2  3  4  5  6  7  8  9 |
---------------+----------------------------+-----
Dodging        | 3 4 5 6 8 |  8.2
Stealth        | 7 8 9 10 | 10.8
Unarmed Combat | 3 4 5 6 |  6.1
Fighting       | 4 5 6 |  6.6
Hexes          | 6 7 |  7.0
Spellcasting   | 4 |  4.3
Conjurations   | 4 |  4.3

Action                   |  1- 3 |  4- 6 |  7- 9 || total
-------------------------+-------+-------+-------++-------
Melee: Unarmed           |    77 |   163 |   367 ||   607
       Bite              |     3 |    18 |    47 ||    68
       Punch             |       |     3 |    11 ||    14
Evoke: Wand              |       |     3 |    17 ||    20
  Use: Scroll            |     2 |     6 |    10 ||    18
       Potion            |     1 |       |    12 ||    13
 Stab: Sleeping          |    24 |    13 |    16 ||    53
       Distracted        |       |     1 |     3 ||     4
Armor: Skin              |       |    14 |    19 ||    33
Dodge: Dodged            |    39 |   122 |   315 ||   476
